 Dungeon Sprint DCSS version 0.31-a0-175-g9f7f995f2b (webtiles) character file.

Game seed: 1236246959064025710

66 rocky1 the Shield-Bearer (level 4, -2/39 HPs)
             Began as a Formicid Fighter on June 18, 2023.
             Slain by a scorpion (7 damage)
             ... in the Dungeon (Sprint IX: "|||||||||||||||||||||||||||||").
             The game lasted 00:00:17 (240 turns).

rocky1 the Shield-Bearer (Formicid Fighter)          Turns: 240, Time: 00:00:18

Health: -2/39      AC:  3    Str: 23    XL:     4   Next: 37%
Magic:  4/4        EV:  9    Int:  7    God:
Gold:   0          SH:  5    Dex: 13    Spells: 3/3 levels left

rFire   . . .        a - +0 flail
rCold   . . .        c - +0 buckler
rNeg    . . .        b - +0 scale mail
rPois   .            (helmet unavailable)
rElec   .            (no cloak)
rCorr   .            (no gloves)
SInv    +            (no boots)
Will    .....        (no amulet) Stlth
                     (no ring)
HPRegen 0.26/turn    (no ring)
MPRegen 0.09/turn

%: no passive effects
@: lethally poisoned (-2 -> -5), corroded
A: permanent stasis, dig shafts and tunnels, antennae 3, four strong arms
a: Dig


You were in the Dungeon.
You visited 1 branch

Inventory:

Hand Weapons
 a - a +0 flail (weapon)
Armour
 b - a +0 scale mail (worn)
 c - a +0 buckler (worn)
Scrolls
 h - a scroll of blinking
Potions
 d - a potion of might
 e - a potion of curing
 g - 2 potions of magic


   Skills:
 + Level 5.4 Fighting
 + Level 3.8 Maces & Flails
 + Level 5.6 Armour
 + Level 0.2 Dodging
 + Level 6.3 Shields


You had 3 spell levels left.
You didn't know any spells.
Your spell library was empty.

Dungeon Overview and Level Annotations

Branches:
Dungeon (1/1)

Altars:


Innate Abilities, Weirdness & Mutations

You cannot be hasted, slowed, berserked, paralysed or teleported.
You can dig through walls and to a lower floor.
You have a pair of large antennae on your head. (SInv)
Your four strong arms can wield two-handed weapons with a shield.


Message History

* * * LOW HITPOINT WARNING * * *
The jelly is almost dead.
The jelly hits you.
* * * LOW HITPOINT WARNING * * *
You are splashed with acid.
* * * LOW HITPOINT WARNING * * *
You feel much better. You block the jelly's attack.
Unknown command.
You hit the jelly.
You kill the jelly!
Your Fighting skill increases to level 5!
Your Shields skill increases to level 6!
You have reached level 4!
You feel stronger.
You hit the scorpion but do no damage. The scorpion barely misses you.
The scorpion stings you.
You hit the scorpion.
The scorpion is lightly wounded.
The scorpion barely misses you.
You closely miss the scorpion.
The scorpion is lightly wounded.
The scorpion stings you.
You are poisoned.
The scorpion poisons you! The scorpion stings you.
You barely miss the scorpion.
The scorpion is lightly wounded.
You feel very sick. The scorpion stings you.
You hit the scorpion.
The scorpion is moderately wounded.
You feel sick. The scorpion closely misses you. The scorpion stings you.
* * * LOW HITPOINT WARNING * * *
You hit the scorpion.
The scorpion is moderately wounded.
* * * LOW HITPOINT WARNING * * *
You feel sick. You block the scorpion's attack.
You sock the scorpion!
The scorpion is almost dead.
You feel sick. The scorpion barely misses you. The scorpion stings you!
You die... ▓▓▓▓▓▓▓▓▓▓▓▓▓▓▓▓▓▓ ▓<...'÷...@sS....+ ▓▓▓▓▓▓▓▓▓▓▓▓▓▓▓▓▓▓ {

You could see a scorpion and an adder.

Vanquished Creatures
  2 jellies (D)
  An orc (D)
  A ball python (D)
  3 endoplasms (D)
  A frilled lizard (D)
8 creatures vanquished.

Notes
Turn   | Place    | Note
-------+----------+-------------------------------------------
     0 | D        | rocky1 the Formicid Fighter began the quest for the Orb.
     0 | D        | Reached XP level 1. HP: 18/18 MP: 1/1
    11 | D        | Reached XP level 2. HP: 25/25 MP: 2/2
   216 | D        | Noticed a scorpion
   229 | D        | Reached skill level 5 in Armour
   229 | D        | Reached skill level 5 in Shields
   229 | D        | Reached XP level 3. HP: 15/32 MP: 3/3
   231 | D        | HP: 1/32 [acid (6)]
   234 | D        | Reached skill level 5 in Fighting
   234 | D        | Reached skill level 6 in Shields
   234 | D        | Reached XP level 4. HP: 28/39 MP: 4/4
   240 | D        | Slain by a scorpion

Illustrated notes

Levels and vault maps discovered:
D:        linesprint [early_d, line_temple, items_1, d_10, items_2, lair_1,
          lair_end, items_3, orc_1, orc_end, items_4, d_15, swamp_1, shoals_1,
          snake_1, spider_1, d_20, vaults_1, items_5, swamp_end, shoals_end,
          snake_end, spider_end, vaults_end, d_27, items_6, zot_1, zot_end,
          crypt_end, forest_end, elf_end, slime_end, tomb_end, abyss_end,
          pan_hell_end]

Skill      XL: |  1  2  3 |
---------------+----------+-----
Armour         | 4 5 |  5.6
Fighting       | 4 5 |  5.4
Maces & Flails | 3 |  3.8
Shields        | 5 6 |  6.3
Dodging        | |  0.2

Action                     |  1- 3 |  4- 6 || total
---------------------------+-------+-------++-------
  Melee: Flail             |    22 |     7 ||    29
    Use: Potion            |     1 |       ||     1
 Armour: Scale mail        |     4 |       ||     4
  Dodge: Dodged            |     7 |     4 ||    11
  Block: Buckler           |     5 |     1 ||     6

Table legend: (Time is in decaauts)
 A = Elapsed time spent in this place.
 B = Non-inter-level travel time spent in this place.
 C = Inter-level travel time spent in this place.
 D = Time resting spent in this place.
 E = Time spent auto-exploring this place.
 F = Levels seen in this place.
 G = Mean time per level.
                   A        B        C        D        E       F      G
               +--------+--------+--------+--------+--------+-----+--------+
         Total |    248 |    248 |      0 |    200 |      0 |   1 |  248.0 |
       Dungeon |    248 |    248 |      0 |    200 |      0 |   1 |  248.0 |
               +--------+--------+--------+--------+--------+-----+--------+

Top non-repeatable levels by time:
       D: 248 daAuts
